 Dungeon Crawl Stone Soup version 0.13.0-18-g7b03ea5 (webtiles) character file.

64 platypus the Stinger (level 3, 0/28 HPs)
             Began as a Naga Venom Mage on Oct 22, 2013.
             Slain by a quokka (4 damage)
             ... on Level 4 of the Dungeon.
             The game lasted 00:06:54 (1022 turns).

platypus the Stinger (Naga Venom Mage)              Turns: 1022, Time: 00:06:56

HP   0/28        AC  2     Str 10      XL: 3   Next: 29%
MP   7/7         EV 10     Int 16      God:
Gold 31          SH  0     Dex 11      Spells:  2 memorised,  3 levels left

Res.Fire  : . . .   See Invis. : +   h - +0,+2 dagger (elec)
Res.Cold  : . . .   Warding    : .   a - +0 robe
Life Prot.: . . .   Conserve   : .   (no shield)
Res.Poison: +       Res.Corr.  : .   (no helmet)
Res.Elec. : .       Clarity    : .   (no cloak)
Sust.Abil.: . .     Spirit.Shd : .   (no gloves)
Res.Mut.  : .       Stasis     : .   (no barding)
Res.Rott. : .       Flight     : .   (no amulet)
Saprovore : . . .                    (no ring)
                                     (no ring)

@: very slow, slightly resistant to hostile enchantments, fairly stealthy
A: spit poison, see invisible, deformed body, poison resistance, slowness 2, AC
+1
a: Spit Poison


You were on level 4 of the Dungeon.
You were not hungry.

You visited 1 branch of the dungeon, and saw 4 of its levels.

You collected 11 gold pieces.

Inventory:

Hand weapons
 h - a +0,+2 dagger of electrocution (weapon)
 j - a +1,+0 dwarven short sword of draining
 k - a +1,+0 short sword of speed
Armour
 a - a +0 robe (worn)
Comestibles
 c - 3 bread rations
 d - a chunk of quokka flesh
 f - 2 pears
 q - a choko
Scrolls
 e - a scroll of random uselessness
 m - a scroll of remove curse {unknown}
Potions
 l - a potion of resistance
Books
 b - a Young Poisoner's Handbook

   Spells                             Type                      Level
   *Sting                             Conjuration/Poison           1
   Cure Poison                        Poison                       2
   *Mephitic Cloud                    Conjuration/Poison/Air       3
   Olgreb's Toxic Radiance            Poison                       4
   Venom Bolt                         Conjuration/Poison           5


   Skills:
 - Level 1.5 Dodging
 - Level 3.0 Stealth
 * Level 2.8 Spellcasting
 - Level 5.3 Poison Magic


You had 3 spell levels left.
You knew the following spells:

 Your Spells              Type           Power        Failure   Level  Hunger
a - Sting                 Conj/Pois      ##..         10%         1    #......
b - Mephitic Cloud        Conj/Pois/Air  #.......     34%         3    ###....


Dungeon Overview and Level Annotations

Branches:
Dungeon (4/27)
 Temple: D:4-7

Altars:

Annotations:
D:3 Sigmund
D:4 Grinder


Innate Abilities, Weirdness & Mutations

You cannot wear boots.
You can spit poison.
Your serpentine skin is tough (AC +1).
You have supernaturally acute eyesight.
Armour fits poorly on your strangely shaped body.
Your system is resistant to poisons.
You cover ground very slowly.


Message History

k - a +1,+0 short sword of speed It was a scroll of identify.
Read which item? (? for menu, Esc to quit)
Identify which item? (\ to view known items) (? for menu, Esc to quit)
As you read the scroll of identify, it crumbles to dust.
l - a potion of resistance Read which item? (? for menu, Esc to quit)
As you read the scroll labeled UFEKKUCVAU, it crumbles to dust.
The scroll reassembles itself in your hands!
It is a scroll of random uselessness.
Drink which item? (? for menu, Esc to quit)
You feel better.
It was a potion of curing.
The quokka bites you.
Read which item? (? for menu, Esc to quit)
As you read the scroll labeled STROX OHINTIC, it crumbles to dust.
The scroll dissolves into smoke.
It was a scroll of fog.
Grinder gestures at you. Pain shoots through your body!
* * * LOW HITPOINT WARNING * * *
The quokka bites you.
You die...

############
###...%§§§...#
#......§r@§§..#
.##....5§§...#
#.....§§...#
#########.##
#<# #.# ..#
.### #.


You could see Grinder and a quokka.

Vanquished Creatures
  An adder (D:2)
  2 giant geckos (D:3)
  3 orcs (D:3)
  4 bats
  2 hobgoblins (D:1)
  A quokka (D:3)
  2 giant newts
  A goblin (D:1)
  A kobold (D:1)
  5 rats
22 creatures vanquished.

Notes
Turn   | Place    | Note
--------------------------------------------------------------
     0 | D:1      | platypus, the Naga Venom Mage, began the quest for the Orb.
     0 | D:1      | Reached XP level 1. HP: 15/15 MP: 3/3
   112 | D:1      | oh
   112 | D:1      | first goblin has dagger of elec
   112 | D:1      | notbad.png
   288 | D:1      | Reached XP level 2. HP: 16/22 MP: 0/4
   714 | D:3      | Reached XP level 3. HP: 25/28 MP: 4/6
   750 | D:3      | Noticed Sigmund
   780 | D:3      | Learned a level 3 spell: Mephitic Cloud
  1013 | D:4      | Noticed Grinder
  1015 | D:4      | Paralysed by Grinder for 2 turns
  1022 | D:4      | Slain by a quokka

Action                   || total
-------------------------++-------
Melee: Dagger            ||    35
       Unarmed           ||     1
 Cast: Sting             ||    30
  Use: Scroll            ||     4
       Potion            ||     1
 Stab: Sleeping          ||     2
